 Dungeon Crawl Stone Soup version 0.28.0-62-gf88900778d (webtiles) character file.

Game seed: 15895033393647176451

25 cbfl8 the Chopper (level 3, -1/33 HPs)
             Began as a Hill Orc Monk on May 24, 2023.
             Slain by a worm (6 damage)
             ... on level 3 of the Dungeon.
             The game lasted 00:01:02 (872 turns).

cbfl8 the Chopper (Hill Orc Monk)                    Turns: 872, Time: 00:01:02

Health: -1/33      AC:  6    Str: 13    XL:     3   Next: 4%
Magic:  3/3        EV: 11    Int: 10    God:
Gold:   65         SH:  0    Dex: 15    Spells: 2/2 levels left

rFire   . . .      SeeInvis .   a - +0 hand axe
rCold   . . .      Faith    .   (no shield)
rNeg    . . .      Spirit   .   g - +0 ring mail
rPois   .          Reflect  .   (no helmet)
rElec   .          Harm     .   (no cloak)
rCorr   .          Rampage  .   e - +0 pair of gloves
Will    .....                   (no boots)
Stlth   +.........              (no amulet)
HPRegen 0.11/turn               (no ring)
MPRegen 0.08/turn               (no ring)

@: no status effects
A: no striking features
a: no special abilities


You were on level 3 of the Dungeon.
You visited 1 branch of the dungeon, and saw 3 of its levels.

You collected 65 gold pieces.

Inventory:

Hand Weapons
 a - a +0 hand axe (weapon)
Armour
 e - a +0 pair of gloves (worn)
 g - a +0 ring mail (worn)
Scrolls
 b - a scroll of blinking {unknown}
 d - 2 scrolls of vulnerability {unknown}
 h - a scroll of identify {unknown}
Potions
 c - a potion of lignification {unknown}
 f - a potion of cancellation {unknown}


   Skills:
 + Level 4.0 Fighting
 + Level 4.5 Axes
 + Level 0.1 Armour
 + Level 2.6 Dodging
 + Level 1.6 Stealth
 * Level 0.1 Invocations
 * Level 0.8 Evocations


You had 2 spell levels left.
You didn't know any spells.
Your spell library was empty.

Dungeon Overview and Level Annotations

Branches:
Dungeon (3/15)

Altars:


Message History

You hit the worm but do no damage. You hit the hobgoblin.
The hobgoblin barely misses you. The worm bites you!
The dart slug bites you but does no damage.
The hobgoblin hits you.
* * * LOW HITPOINT WARNING * * *
You are too injured to fight recklessly!
Unknown command.
You are too injured to fight recklessly!
You hit the hobgoblin but do no damage.
The hobgoblin is severely wounded.
You hit the dart slug.
You kill the dart slug!
You hit the worm.
A dart slug comes into view.
The hobgoblin barely misses you. The worm closely misses you.
You have reached level 3!
Your experience leads to an increase in your attributes!
Increase (S)trength, (I)ntelligence, or (D)exterity?
You feel agile. x2
The dart slug launches a dart at you. The slug dart hits you.
* * * LOW HITPOINT WARNING * * *
The hobgoblin hits you.
* * * LOW HITPOINT WARNING * * *
There is a stone staircase leading down here.
The hobgoblin barely misses you.
You climb downwards.
Found a ring mail.
There is a stone staircase leading up here.
You hit the hobgoblin.
The hobgoblin is almost dead.
The helpless worm fails to defend itself.
You hit the worm. The hobgoblin barely misses you.
You hit the hobgoblin.
You kill the hobgoblin!
You hit the worm. The worm barely misses you.
You hit the worm but do no damage.
The worm is moderately wounded.
The worm bites you.
You die...

#####
######....
#...w..#
#...@..#
#.........#
#......##...
........# #
...........
............
...........##
.......[..##


You could see a worm.

Vanquished Creatures
  A worm (D:2)
  2 dart slugs (D:2)
  2 endoplasms
  A giant cockroach (D:2)
  2 goblins (D:1)
  3 hobgoblins
  A kobold (D:1)
  A ball python (D:2)
  A frilled lizard (D:1)
  3 rats
17 creatures vanquished.

Notes
Turn   | Place    | Note
-------+----------+-------------------------------------------
     0 | D:1      | cbfl8 the Hill Orc Monk began the quest for the Orb.
     0 | D:1      | Reached XP level 1. HP: 19/19 MP: 1/1
    74 | D:1      | Found a faded altar of an unknown god.
   256 | D:1      | Reached XP level 2. HP: 24/27 MP: 2/2
   855 | D:2      | Reached XP level 3. HP: 7/33 MP: 3/3
   872 | D:3      | Slain by a worm

Illustrated notes

Levels and vault maps discovered:
D:1:      amcnicky_arrival_double_pillar, layout_rooms,
          shapermc_ecumenical_altar_mp_highgroup, chequers_serial_rivers_room_b,
          grunt_decor_one_mirror
D:2:      layout_loops_cross
D:3:      layout_rooms

Skill      XL: |  1  2 |
---------------+-------+-----
Fighting       | 4 |  4.0
Axes           | |  4.5
Armour         | |  0.1
Dodging        | |  2.6
Stealth        | |  1.6
Invocations    | |  0.1
Evocations     | |  0.8

Action                   || total
-------------------------++-------
Melee: Hand axe          ||    57
       Punch             ||     1
 Stab: Sleeping          ||     1
Armor: Robe              ||     3
       Ring mail         ||     7
Dodge: Dodged            ||    38
